 Dungeon Sprint DCSS version 0.21.1-1-g345015f (webtiles) character file.

931 Psiloshibe the Carver (level 8, -13/78 HPs)
             Began as a Barachi Berserker on Apr 22, 2018.
             Was an Elder of Trog.
             Mangled by a tentacle (28 damage)
             ... attached to a kraken
             ... in the Dungeon (Sprint II: "The Violet Keep of Menkaure").
             The game lasted 00:03:41 (676 turns).

Psiloshibe the Carver (Barachi Berserker)            Turns: 676, Time: 00:03:41

Health: -13/78     AC:  2    Str: 19    XL:     8   Next: 11%
Magic:  8/8        EV: 16    Int:  7    God:    Trog [****..]
Gold:   972        SH:  0    Dex: 14    Spells: 7/7 levels left

rFire    . . .     SeeInvis .   a - +0 falchion
rCold    . . .     Gourm    .   (no shield)
rNeg     . . .     Faith    .   b - +0 animal skin
rPois    .         Spirit   .   (no helmet)
rElec    .         Reflect  .   (no cloak)
rCorr    .         Harm     .   (no gloves)
MR       .....     NoTele   +   (no boots)
Stlth    ++........             (no amulet)
HPRegen  0.23/turn              (no ring)
MPRegen  0.11/turn              (no ring)

@: can't hop, slow
A: +LOS, swims, slowness 1, strong legs 1
a: Hop, Berserk, Trog's Hand, Brothers in Arms, Burn Spellbooks, Renounce
Religion


You were in the Dungeon.
You worshipped Trog.
Trog was greatly pleased with you.
You were not hungry.

You visited 1 branch You collected 972 gold pieces.

Inventory:

Hand Weapons
 a - a +0 falchion (weapon)
Armour
 b - a +0 animal skin (worn)
Scrolls
 i - a scroll of blinking
Potions
 d - a potion of curing
 f - a potion of haste
 g - 2 potions of magic
 h - a potion of berserk rage
Comestibles
 c - 7 chunks of flesh


   Skills:
 + Level 12.6 Fighting
 + Level 13.0 Long Blades
 + Level 7.0 Armour
 + Level 7.1 Dodging
 + Level 1.2 Stealth


You had 7 spell levels left.
You didn't know any spells.

Dungeon Overview and Level Annotations

Branches:
Dungeon (1/1)

Altars:
Cheibriados
Dithmenos
Elyvilon
Fedhas
Hepliaklqana
Kikubaaqudgha
Makhleb
Nemelex Xobeh
Qazlal
Ru
Sif Muna
Trog
Uskayaw
Vehumet
Wu Jian
Xom
Yredelemnul
Zin
The Shining One
Beogh
Jiyva
Lugonu

Shops:
D !!:}[!*%[?(=[:=:

Annotations:
D exclusion: oklob plant


Innate Abilities, Weirdness & Mutations

Shadows flee at your approach. (+LOS)
You can swim through water.
You cover ground slowly.
You can hop short distances.


Message History

Hop to where?
Press: ? - help, Dir - move target cursor Floosh!
Boing!
The tentacle closely misses you.
Found a scratched coral ring.
You open the door. The tentacle slaps you!! x2
* * * LOW HITPOINT WARNING * * *
The tentacle slaps you!
* * * LOW HITPOINT WARNING * * *
The tentacle slaps you but does no damage.
Found seven items.
A tentacle segment comes into view.
There is an open door here.
The tentacle barely misses you.
Found a glowing dagger, a box of beasts and a sack of spiders.
You see here a ration.
You feel much better. The tentacle slaps you!
* * * LOW HITPOINT WARNING * * *
The tentacle slaps you!!
You die...

}}▓▓▓▓▓▓▓▓▓▓▓ ..
)}▓$(%!)$$(▓▓ #.
[§▓(!(=$?[)▓▓ +.###
=|▓%![?[))?▓▓ ...#
#▓=!![)[??▓▓ # #..#
#▓([!!("$%▓▓ # +..#
#▓?!?)????▓▓ # #^.#
#▓()%$??((▓▓
####..##.#▓?([($@$!▓▓
..###.(.##▓▓▓▓▓▓▓w▓▓▓▓+▓
....≈≈≈≈≈≈≈≈≈≈≈≈≈.──Xw≈▓
...§≈#+########+###ww≈≈▓
§≈.§≈#.._._._.#t≈§##≈≈≈▓
≈§§§≈#._._._..#t§≈§####▓
≈§§≈§#_._._._.#≈§§§§
§§≈≈≈#._._._._#≈§§§§
≈§≈≈≈#.._._._.#≈§§§


You could see a kraken and 4 tentacles.

Vanquished Creatures
  A merfolk siren (D)
  Menkaure (D)
  4 necrophages (D)
  4 worker ants (D)
  3 worms (D)
13 creatures vanquished.

Vanquished Creatures (others)
  A crocodile (D)
1 creature vanquished.

Grand Total: 14 creatures vanquished

Notes
Turn   | Place    | Note
-------+----------+-------------------------------------------
     0 | D        | Psiloshibe the Barachi Berserker began the quest for the Orb.
     0 | D        | Reached XP level 1. HP: 18/18 MP: 1/1
     1 | D        | Noticed a worker ant
     1 | D        | Noticed a worker ant
     4 | D        | Killed a worker ant
     4 | D        | Reached skill level 5 in Fighting
     4 | D        | Reached skill level 5 in Long Blades
     4 | D        | Reached XP level 2. HP: 27/27 MP: 2/2
     8 | D        | Reached skill level 6 in Long Blades
     8 | D        | Reached XP level 3. HP: 34/34 MP: 3/3
    49 | D        | Reached ** piety under Trog
    49 | D        | Reached skill level 7 in Long Blades
    49 | D        | Reached XP level 4. HP: 30/41 MP: 4/4
   170 | D        | Killed a crocodile
   236 | D        | Noticed a merfolk siren
   255 | D        | Killed a merfolk siren
   255 | D        | Reached skill level 11 in Long Blades
   255 | D        | Reached XP level 5. HP: 22/55 MP: 5/5
   255 | D        | Reached XP level 6. HP: 25/62 MP: 6/6
   255 | D        | Reached XP level 7. HP: 27/68 MP: 7/7
   482 | D        | Found Kogatreamp's Book Shoppe.
   482 | D        | Found Veaq's Jewellery Shoppe.
   482 | D        | Found Bulut's Jewellery Emporium.
   482 | D        | Found Viumi's Antique Armour Shoppe.
   482 | D        | Found Faotij's Antique Armour Emporium.
   482 | D        | Found Fapiliz's Magic Scroll Shoppe.
   482 | D        | Found Ykenuk's Antique Weapon Shoppe.
   482 | D        | Found Keteppu's Food Emporium.
   483 | D        | Found Vibaleh's General Store.
   483 | D        | Found Lyzxit's Distillery.
   484 | D        | Found Tiepti's Gadget Emporium.
   485 | D        | Found Gaxtig's Book Emporium.
   485 | D        | Found Yciriop's Antique Armour Shoppe.
   486 | D        | Found Fenied's Distillery.
   486 | D        | Found Ycvo's Distillery.
   486 | D        | Found Toinic's Book Shoppe.
   486 | D        | Noticed Menkaure
   486 | D        | Noticed an oklob plant
   487 | D        | Noticed a redback
   502 | D        | Killed Menkaure
   502 | D        | Reached *** piety under Trog
   514 | D        | Noticed a polar bear
   517 | D        | Noticed a polar bear
   518 | D        | Noticed a redback
   578 | D        | Reached skill level 12 in Long Blades
   589 | D        | Reached **** piety under Trog
   589 | D        | Reached skill level 1 in Stealth
   601 | D        | Reached skill level 13 in Long Blades
   601 | D        | Reached XP level 8. HP: 77/77 MP: 8/8
   645 | D        | Found a roughly hewn altar of Beogh.
   646 | D        | Found a hazy altar of Hepliaklqana.
   646 | D        | Found a snail-covered altar of Cheibriados.
   647 | D        | Found a stormy altar of Qazlal.
   647 | D        | Found a viscous altar of Jiyva.
   647 | D        | Found a shadowy altar of Dithmenos.
   648 | D        | Found a sacrificial altar of Ru.
   648 | D        | Found an ancient bone altar of Kikubaaqudgha.
   648 | D        | Found a white marble altar of Elyvilon.
   649 | D        | Found a deep blue altar of Sif Muna.
   649 | D        | Found a corrupted altar of Lugonu.
   649 | D        | Found a blossoming altar of Fedhas.
   650 | D        | Found an ornate altar of the Wu Jian Council.
   650 | D        | Found a shimmering altar of Xom.
   650 | D        | Found a bloodstained altar of Trog.
   650 | D        | Found a burning altar of Makhleb.
   651 | D        | Found a glowing golden altar of the Shining One.
   651 | D        | Found a hide-covered altar of Uskayaw.
   651 | D        | Found a sparkling altar of Nemelex Xobeh.
   652 | D        | Found a basalt altar of Yredelemnul.
   652 | D        | Found a glowing silver altar of Zin.
   652 | D        | Found a radiant altar of Vehumet.
   671 | D        | Noticed a kraken
   676 | D        | Mangled by a tentacle

Skill      XL: |  1  2  3  4  5  6  7 |
---------------+----------------------+-----
Fighting       | 5 6 11 12 | 12.6
Long Blades    | 5 6 7 11 13 | 13.0
Armour         | 3 6 7 |  7.0
Dodging        | 3 6 7 |  7.1
Stealth        | 1 |  1.2

Action                   |  1- 3 |  4- 6 |  7- 9 || total
-------------------------+-------+-------+-------++-------
Melee: Falchion          |    15 |    20 |    44 ||    79
Invok: Berserk           |     1 |     1 |     2 ||     4
       Trog's Hand       |       |       |     2 ||     2
 Abil: Hop               |       |       |     2 ||     2
  Use: Potion            |       |       |     1 ||     1
 Stab: Sleeping          |       |       |     1 ||     1
  Eat: Ration            |       |       |     1 ||     1
Armor: Animal skin       |       |       |     1 ||     1
Dodge: Dodged            |    10 |     8 |    18 ||    36
       Rpst.: Falchion   |     1 |     3 |     7 ||    11
